 Dungeon Crawl Stone Soup version 0.16-b1 (webtiles) character file.

2015 McCoppin the Arsonist (level 9, -2/57 HPs)
             Began as a Human Fire Elementalist on Mar 10, 2015.
             Was a Priest of Vehumet.
             Slain by Joseph
             ... wielding a +5 quarterstaff of speed
              (7 damage)
             ... on level 7 of the Dungeon.
             The game lasted 01:07:34 (10774 turns).

McCoppin the Arsonist (Human Fire Elementalist)    Turns: 10774, Time: 01:07:35

Health: -2/57      AC:  7    Str: 13    XL:     9   Next: 46%
Magic:  3/22       EV: 12    Int: 17    God:    Vehumet [***...]
Gold:   365        SH:  0    Dex: 13    Spells: 5 memorised, 4 levels left

rFire  . . .     SeeInvis .     G - +0 dagger (elec)
rCold  . . .     Clarity  .     p - +0 leather armour
rNeg   . . .     SustAb   .     (no shield)
rPois  +         Gourm    .     h - +0 helmet
rElec  .         Spirit   .     (no cloak)
rCorr  .         Warding  .     i - +0 pair of gloves
rMut   .         Stasis   .     K - +1 pair of boots
MR     .....                    (no amulet)
Stlth  ++........               j - ring of poison resistance
                                d - +2 ring of strength

@: not resistant to hostile enchantments, unstealthy
A: no striking features
a: Renounce Religion


You were on level 7 of the Dungeon.
You worshipped Vehumet.
Vehumet was most pleased with you.
You were very hungry.

You visited 1 branch of the dungeon, and saw 7 of its levels.
You also visited: Sewer.

You collected 365 gold pieces.

Inventory:

Hand weapons
 g - a +0 dagger
 k - a +0 dagger of venom
 m - a +0 scimitar
 G - a +0 dagger of electrocution (weapon)
 I - a +0 blowgun
Missiles
 E - 2 throwing nets (quivered)
 J - 36 poisoned needles
Armour
 a - a +0 robe
 h - a +0 helmet (worn)
 i - a +0 pair of gloves (worn)
 p - a +0 leather armour (worn)
 s - a +0 chain mail
 y - a +2 chain mail of poison resistance
 F - a +0 pair of boots
 K - a +1 pair of boots (worn)
 M - a +0 cloak
Jewellery
 d - a +2 ring of strength (left hand)
 j - a ring of poison resistance (right hand)
 D - an uncursed ring of teleport control
Scrolls
 e - 2 scrolls of fog
 o - a scroll of teleportation
 q - a scroll of random uselessness
 x - 2 scrolls of remove curse
 H - 2 scrolls of identify
 L - a scroll of enchant armour {unknown}
Potions
 f - 2 potions of resistance
 r - 2 potions of ambrosia {unknown}
 t - a potion of restore abilities {unknown}
 v - a potion of cancellation
 z - 5 potions of agility
 C - 2 potions of magic {unknown}
Books
 b - a book of Flames

   Spells                             Type                      Level
   a - Flame Tongue                   Conjuration/Fire             1
   b - Throw Flame                    Conjuration/Fire             2
   c - Conjure Flame                  Conjuration/Fire             3
   d - Inner Flame                    Hexes/Fire                   3
   e - Sticky Flame                   Conjuration/Fire             4
   f - Fireball                       Conjuration/Fire             5
Comestibles
 c - 3 bread rations
 l - a meat ration
 u - a chunk of flesh
 w - a slice of pizza
 A - a poisonous chunk of flesh


   Skills:
 - Level 2.0 Dodging
 - Level 2.0 Stealth
 - Level 6.0 Spellcasting
 - Level 1.0 Conjurations
 * Level 10.4 Fire Magic


You had 4 spell levels left.
You knew the following spells:

 Your Spells              Type           Power        Failure   Level  Hunger
a - Flame Tongue          Conj/Fire      ###..        1%          1    None
b - Conjure Flame         Conj/Fire      ###.....     1%          3    ##.....
c - Inner Flame           Hex/Fire       ###.....     2%          3    ##.....
d - Sticky Flame          Conj/Fire      ###.....     4%          4    ####...
e - Fireball              Conj/Fire      ###.......   14%         5    #####..


Dungeon Overview and Level Annotations

Branches:
Dungeon (7/15)             Temple (0/1) D:6

Altars:
Cheibriados
Kikubaaqudgha
Nemelex Xobeh
Ru
Trog
Vehumet
Xom

Annotations:
D:7 Joseph


Message History

Casting: Flame Tongue
Confirm with . or Enter, or press ? or * to list all spells.
Aiming: Sticky Flame
Press: ? - help, Shift-Dir - straight line, f/p - Joseph
Aim: Joseph, wielding a quarterstaff of speed and wearing a leather armour (severely wounded)
The sticky flame hits Joseph.
Joseph appears unharmed.
Joseph is severely wounded.
Joseph is covered in liquid flames!
You are feeling very hungry.
Joseph burns!
Joseph closely misses you.
Casting: Sticky Flame
Confirm with . or Enter, or press ? or * to list all spells.
Aiming: Sticky Flame
Press: ? - help, Shift-Dir - straight line, f/p - Joseph
Aim: Joseph, wielding a quarterstaff of speed and wearing a leather armour (almost dead, covered in liquid flames)
The sticky flame hits Joseph.
Joseph is almost dead.
Joseph is covered in liquid flames!
Joseph burns!
Joseph hits you with an uncursed quarterstaff of speed!
You die...

P....###(.(..#.......####
#......##..#....#
##.((.####......## #
##.##..####...#..## #
##.###...###..###..####
#####..# ##....#.## #....#.
#.P....# ##.##...####.##..#
#.####..###..###..)....##.##
##..##@...........#..#
#...@.####P####....##
#...### #.# ##...# #...# ...
###.#..# ...#..# ....
...###..# #.####.....##.
#..###.. #.. .P....# .
##....##) # ....## .
#........ %PP.P###..
#.......#


You could see Joseph (burning).

Vanquished Creatures
  A water moccasin (D:5)
  2 orc warriors (D:6)
  An ogre (D:6)
  A centaur (D:5)
  A gnoll sergeant (D:5)
  6 big kobolds
  A giant frog (D:7)
  2 scorpions
  A giant frog zombie (D:5)
  2 hounds
  A jelly (D:7)
  2 orc priests
  5 orc wizards
  5 worker ants
  An iguana (D:4)
  A hound zombie (D:7)
  2 hound skeletons
  12 gnolls
  11 adders
  A worker ant zombie (D:5)
  2 river rats
  A worm (D:3)
  2 shadow imps
  4 giant geckos
  2 oozes
  20 orcs
  A ball python (D:1)
  3 bat skeletons
  4 giant cockroaches
  14 goblins
  11 hobgoblins
  21 jackals
  5 quokkas
  8 bats
  A giant gecko skeleton (D:7)
  4 giant newts
  A giant spore (D:7)
  2 jackal zombies (D:6)
  20 kobolds
  2 orc zombies (D:6)
  A quokka skeleton (D:7)
  25 rats
  3 rat skeletons (Sewer)
  5 river rat skeletons (Sewer)
221 creatures vanquished.

Notes
Turn   | Place    | Note
--------------------------------------------------------------
     0 | D:1      | McCoppin, the Human Fire Elementalist, began the quest for the Orb.
     0 | D:1      | Reached XP level 1. HP: 13/13 MP: 3/3
   477 | D:1      | Reached XP level 2. HP: 19/19 MP: 2/4
   986 | D:1      | Reached XP level 3. HP: 21/24 MP: 0/6
  1603 | D:2      | Reached skill level 4 in Fire Magic
  1626 | D:2      | Learned a level 3 spell: Conjure Flame
  1648 | D:2      | Found a radiant altar of Vehumet.
  1654 | D:2      | Found an ancient bone altar of Kikubaaqudgha.
  1679 | D:2      | Reached XP level 4. HP: 30/30 MP: 0/8
  1784 | D:2      | Became a worshipper of Vehumet
  2020 | D:2      | Reached skill level 5 in Fire Magic
  2020 | D:2      | Reached XP level 5. HP: 23/35 MP: 3/9
  2359 | D:2      | Found a bloodstained altar of Trog.
  2686 | D:3      | Found a snail-covered altar of Cheibriados.
  3266 | D:4      | Acquired Vehumet's first power
  3266 | D:4      | Offered knowledge of Sting by Vehumet.
  3266 | D:4      | Reached XP level 6. HP: 30/41 MP: 9/13
  3743 | D:4      | Reached skill level 6 in Fire Magic
  3987 | D:4      | Found a bloodstained altar of Trog.
  4303 | D:5      | Entered Level 5 of the Dungeon
  4321 | D:5      | Found a glowing drain.
  4398 | Sewer    | Entered a sewer
  4451 | Sewer    | Reached XP level 7. HP: 30/46 MP: 13/15
  4740 | Sewer    | Reached skill level 7 in Fire Magic
  4825 | Sewer    | Offered knowledge of Freeze by Vehumet.
  5221 | D:5      | Learned a level 3 spell: Inner Flame
  5582 | D:5      | HP: 2/46 [adder/exploding inner flame[the player character] (35)]
  5966 | D:5      | Reached XP level 8. HP: 41/52 MP: 15/18
  6631 | D:5      | Reached skill level 8 in Fire Magic
  6841 | D:5      | Learned a level 4 spell: Sticky Flame
  7222 | D:5      | Reached skill level 5 in Spellcasting
  7303 | D:5      | Found a sparkling altar of Nemelex Xobeh.
  7469 | D:5      | Offered knowledge of Dazzling Spray by Vehumet.
  7756 | D:6      | Reached skill level 9 in Fire Magic
  7850 | D:6      | Found a shimmering altar of Xom.
  7851 | D:6      | Found a shimmering altar of Xom.
  7974 | D:6      | Reached XP level 9. HP: 57/57 MP: 1/21
  7990 | D:6      | Acquired Vehumet's second power
  7995 | D:6      | Found a shimmering altar of Xom.
  8293 | D:6      | Learned a level 5 spell: Fireball
  8635 | D:6      | Found a staircase to the Ecumenical Temple.
  8767 | D:6      | Found a sacrificial altar of Ru.
  9554 | D:7      | Offered knowledge of Static Discharge by Vehumet.
  9554 | D:7      | Reached skill level 10 in Fire Magic
 10241 | D:7      | Noticed Joseph
 10774 | D:7      | Slain by Joseph

Action                   |  1- 3 |  4- 6 |  7- 9 || total
-------------------------+-------+-------+-------++-------
Melee: Unarmed           |    19 |       |       ||    19
       Dagger            |     7 |    87 |   213 ||   307
 Cast: Flame Tongue      |    53 |   105 |   210 ||   368
       Conjure Flame     |     2 |     2 |     2 ||     6
       Inner Flame       |       |       |     8 ||     8
       Sticky Flame      |       |       |     4 ||     4
       Fireball          |       |       |    12 ||    12
  Use: Potion            |     3 |     1 |     9 ||    13
       Scroll            |     1 |     2 |    10 ||    13
 Stab: Sleeping          |     1 |       |       ||     1
  Eat: Chunk             |     2 |    10 |    11 ||    23
       Bread ration      |       |       |     2 ||     2
       Meat ration       |       |       |     1 ||     1
       Beef jerky        |       |       |     1 ||     1
